 Dungeon Crawl Stone Soup version 0.31.0-9-g3a7656b989 (webtiles) character file.

Game seed: 13528841068186670463

9 qw the Shooter (level 1, 0/17 HPs)
             Began as a Demigod Hunter on Feb 2, 2024.
             Succumbed to their own poison gas
             ... on level 1 of the Dungeon.
             The game lasted 00:00:02 (634 turns).

qw the Shooter (Demigod Hunter)                      Turns: 634, Time: 00:00:02

Health: 0/17       AC:  4    Str: 12    XL:     1   Next: 93%
Magic:  3/3        EV: 12    Int: 11    God:
Gold:   46         SH:  0    Dex: 17    Spells: 0/0 levels left

rFire   . . .        a - +1 shortbow
rCold   . . .        (shield currently unavailable)
rNeg    . . .        c - +0 leather armour
rPois   .            (no helmet)
rElec   .            (no cloak)
rCorr   .            g - +0 pair of gloves
SInv    .            (no boots)
Will    .....        (no amulet)
Stlth   ++           (no ring)
HPRegen 0.22/turn    (no ring)
MPRegen 0.08/turn

%: no passive effects
@: lethally poisoned (0 -> -8)
A: high MP 1, forlorn, divine attributes
a: no special abilities


You were on level 1 of the Dungeon.
You visited 1 branch of the dungeon, and saw 1 of its levels.

You collected 46 gold pieces.


Innate Abilities, Weirdness & Mutations

You have an increased reservoir of magic. (+10% MP)
You shall have no god before yourself.
Your divine heritage dramatically boosts your attributes as you level up.


   Skills:
 + Level 1.9 Fighting
 - Level 4.0 Ranged Weapons
 - Level 1.7 Dodging
 - Level 0.8 Stealth


You couldn't memorise any spells.
You didn't know any spells.
Your spell library was empty.

Inventory:

Hand Weapons
 a - a +1 shortbow (weapon)
Armour
 c - a +0 leather armour (worn)
 g - a +0 pair of gloves (worn)
Potions
 h - a potion of berserk rage {unknown}

Dungeon Overview and Level Annotations

Branches:
Dungeon (1/15)


Message History

As you read the scroll labelled GIESHR VUEDUZ, it crumbles to dust.
It was a scroll of poison.
Done exploring.
627 ||| READING scroll labelled CUSHIJAUNT.
As you read the scroll labelled CUSHIJAUNT, it crumbles to dust.
It is a scroll of identify.
627 ||| IDENTIFYING lumpy orange potion;
d - a potion of degeneration Done exploring.
628 ||| READING scroll labelled WUEGEDAUTT.
As you read the scroll labelled WUEGEDAUTT, it crumbles to dust.
It is a scroll of enchant weapon.
628 ||| ENCHANTING +0 shortbow.
Your +0 shortbow glows red for a moment.
Done exploring.
629 ||| DROPPING scroll of butterflies.
You drop a scroll of butterflies.
Done exploring.
630 ||| DROPPING potion of degeneration.
You drop a potion of degeneration.
Done exploring.
What level of the Dungeon? (default 1, ? - help) Sorry, I don't know how to get there.
Enter note:
Enter note:
Enter note:
Enter note:
Enter note:
Enter note:
Enter note:
Enter note:
Enter note: You are engulfed in poison gas.
You are lethally poisoned!
You feel very sick.
632 ||| Stepping ~*~*~tactically~*~*~ (cloud).
You feel very sick.
Things that are here:
a potion of degeneration; a scroll of butterflies; a ring of magical power
There is a lethal amount of poison in your body!
You feel very sick.
There is a lethal amount of poison in your body!
You die...

.....##.##.#.########...####.#...
#######......# #........#.#.
##### ####.### #...######...
....# #.# ##...# #....
###.######.# #....# #.... #
#........# #....# #....
###.######## #.#### #.... ....#
#########¤##0#####.... ..#.#
#00¤¤@¤¤¤¤¤0¤......... ###.#
#0##0##¤#0##¤#####.... ###.#
#.##.#..0¤.....###.### ....#
#....#...0¤0...##...## #####
#..###....000..#.....#
#..........¤¤..#......
##.###.#....0..#[..... #.#
#.........##...#.
#.#####.......######.


There were no monsters in sight!

Vanquished Creatures
  A dart slug (D:1)
  A bat (D:1)
  2 endoplasms (D:1)
  A quokka (D:1)
  A frilled lizard (D:1)
  A rat (D:1)
7 creatures vanquished.

Notes
Turn   | Place    | Note
-------+----------+-------------------------------------------
     0 | D:1      | qw the Demigod Hunter began the quest for the Orb.
     0 | D:1      | Reached XP level 1. HP: 17/17 MP: 3/3
     0 | D:1      | 0 ||| qw: Version: 0.3-a-155-g5e7d8dd
     0 | D:1      | 0 ||| qw: Game counter: 71
     0 | D:1      | 0 ||| qw: Melee chars always use a shield: true
     0 | D:1      | 0 ||| qw: God list: Okawaru
     0 | D:1      | 0 ||| qw: Allow faded altars: false
     0 | D:1      | 0 ||| qw: Do Orc after clearing Dungeon:15 true
     0 | D:1      | 0 ||| qw: Do second Lair branch before Depths: true
     0 | D:1      | 0 ||| qw: Lair rune preference: random
     0 | D:1      | 0 ||| qw: Goals: Normal
     0 | D:1      | 0 ||| PLANNING D:1-11
   405 | D:1      | Reached skill level 4 in Ranged Weapons
   620 | D:1      | 620 ||| UPGRADING to +0 pair of gloves.
   625 | D:1      | 625 ||| DROPPING ring of magical power.
   626 | D:1      | 626 ||| READING scroll labelled GIESHR VUEDUZ.
   627 | D:1      | 627 ||| READING scroll labelled CUSHIJAUNT.
   627 | D:1      | 627 ||| IDENTIFYING lumpy orange potion
   628 | D:1      | 628 ||| READING scroll labelled WUEGEDAUTT.
   628 | D:1      | 628 ||| ENCHANTING +0 shortbow.
   629 | D:1      | 629 ||| DROPPING scroll of butterflies.
   630 | D:1      | 630 ||| DROPPING potion of degeneration.
   632 | D:1      | 632 ||| Stepping ~*~*~tactically~*~*~ (cloud).
   632 | D:1      | HP: 4/17 [poisoned by you (poison gas)]
   633 | D:1      | HP: 1/17 [poisoned by you (poison gas)]
   634 | D:1      | Succumbed to their own poison gas

Levels and vault maps discovered:
D:1:      lightli_arrival_flooded_house, layout_loops_cross,
          chequers_ecumenical_altar_simple_redux

Skill      XL: |  1 |
---------------+----+-----
Ranged Weapons | 4 |  4.0
Fighting       | |  1.9
Dodging        | |  1.7
Stealth        | |  0.8

Action                     || total
---------------------------++-------
   Fire: Shortbow          ||    22
    Use: Scroll            ||     3
 Armour: Leather armour    ||     2
  Dodge: Dodged            ||     7

Table legend:
 A = Non-vault XP
 B = Vault XP
 C = Vault XP percentage of total XP
 D = Non-vault monster count
 E = Vault monster count
 F = Vault count percentage of total count
                 A         B        C        D         E       F
            +---------+---------+-------+---------+---------+-------
      Total |      14 |       0 |   0.0 |       7 |       0 |   0.0
            +---------+---------+-------+---------+---------+-------
        D:1 |      14 |       0 |   0.0 |       7 |       0 |   0.0
            +---------+---------+-------+---------+---------+-------
